 Dungeon Crawl Stone Soup version 0.30.0-20-g3615ddf2f0 (webtiles) character file.

Game seed: 3002958190901001893

51 qw the Chopper (level 3, -7/23 HPs)
             Began as a Gargoyle Fighter on May 29, 2023.
             Mangled by an orc
             ... wielding a +2 heavy flail
              (15 damage)
             ... on level 3 of the Dungeon.
             The game lasted 00:00:50 (1576 turns).

qw the Chopper (Gargoyle Fighter)                   Turns: 1576, Time: 00:00:51

Health: -7/23      AC: 10    Str: 21    XL:     3   Next: 81%
Magic:  3/3        EV:  9    Int:  8    God:
Gold:   95         SH:  4    Dex:  9    Spells: 2/2 levels left

rFire   . . .        Y - +0 war axe
rCold   . . .        c - +0 buckler
rNeg    + . .        b - +0 scale mail
rPois   inf          (no helmet)
rElec   +            (no cloak)
rCorr   .            (no gloves)
SInv    .            (no boots)
Will    .....        (no amulet) Stlth
                     (no ring)
HPRegen 0.23/turn    (no ring)
MPRegen 0.08/turn

%: no passive effects
@: no status effects
A: sickness immunity, AC +3, negative energy resistance 1, electricity
resistance, torment resistance 1, petrification resistance
a: no special abilities


You were on level 3 of the Dungeon.
You visited 1 branch of the dungeon, and saw 3 of its levels.

You collected 144 gold pieces.
You spent 49 gold pieces at shops.


Innate Abilities, Weirdness & Mutations

You are immune to sickness and miasma.
Your stone body is resilient. (AC +3)
You are immune to poison.
You resist negative energy. (rN+)
You are resistant to electric shocks. (rElec)
You are resistant to unholy torment.
You are immune to petrification.


   Skills:
 - Level 3.2 Fighting
 + Level 3.6 Axes
 - Level 3.2 Armour
 - Level 3.2 Shields


You had 2 spell levels left.
You didn't know any spells.
Your spell library was empty.

Inventory:

Hand Weapons
 a - a +0 flail
 Y - a +0 war axe (weapon)
Armour
 b - a +0 scale mail (worn)
 c - a +0 buckler (worn)
Jewellery
 e - a ring of fire
Scrolls
 g - a scroll of identify
Potions
 d - 2 potions of might
 f - a potion of curing
 h - a potion of mutation

Dungeon Overview and Level Annotations

Branches:
Dungeon (3/15)

Altars:
Hepliaklqana

Shops:
D:2 (


Message History

Enter note:
Enter note:
Enter note:
Enter note:
Enter note: Done exploring.
1533 ||| DRINKING 2 smoky red potions.
It was a potion of curing.
You feel better.
Done exploring.
1534 ||| READING 3 scrolls of identify.
As you read the scroll of identify, it crumbles to dust.
h - a potion of mutation;
1534 ||| IDENTIFYING grey potion Done exploring.
1535 ||| READING 2 scrolls of identify.
As you read the scroll of identify, it crumbles to dust.
i - a potion of brilliance;
1535 ||| IDENTIFYING golden potion Done exploring.
1536 ||| DROPPING potion of brilliance.
You drop a potion of brilliance.
Done exploring.
(D) Dungeon
Where to? (* - list waypoints, Enter - D:2, ? - help)
What level of the Dungeon? (default 1, ? - help)
There is a stone staircase leading down here.
You climb downwards.
Found a scroll labelled BEOVAM JEQ HUOM and 4 boomerangs.
Found a stone staircase leading down.
There is a stone staircase leading up here.
Waypoint 2 assigned to D:3.
An orc comes into view. It is wielding a +2 heavy flail.
The orc shouts!
You barely miss the orc. The orc hits you with a +2 heavy flail!
You hit the orc.
The orc is lightly wounded.
The orc hits you with a +2 heavy flail.
You barely miss the orc.
The orc is lightly wounded.
The orc hits you with a +2 heavy flail!
Ouch! That really hurt!
You die...

#.........#
####....(..#.###
.......8........
......8>8.......
.......8........
................
.......o.......
#...@..?....
.....#<...#..#.
........####
.....#### ###.
.. .. #


You could see an orc.

Vanquished Creatures
  An adder (D:2)
  7 ball pythons
  3 bats (D:1)
  5 endoplasms
  2 giant cockroaches (D:1)
  A goblin (D:1)
  5 hobgoblins
  3 kobolds (D:2)
  3 quokkas (D:1)
  5 frilled lizards
  2 rats (D:1)
37 creatures vanquished.

Notes
Turn   | Place    | Note
-------+----------+-------------------------------------------
     0 | D:1      | qw the Gargoyle Fighter began the quest for the Orb.
     0 | D:1      | Reached XP level 1. HP: 14/14 MP: 1/1
     0 | D:1      | 0 ||| qw: Version: 0.2-a-102-g2b76a06
     0 | D:1      | 0 ||| qw: Game counter: 427
     0 | D:1      | 0 ||| qw: Always use a shield: true
     0 | D:1      | 0 ||| qw: God list: Okawaru
     0 | D:1      | 0 ||| qw: Allow faded altars: false
     0 | D:1      | 0 ||| qw: Do Orc after D:15 true
     0 | D:1      | 0 ||| qw: Do second Lair branch before Depths: true
     0 | D:1      | 0 ||| qw: Lair rune preference: random
     0 | D:1      | 0 ||| qw: Plans: Normal, Zot:1-4, Slime:5, God:TSO, Crypt,
                  | Tomb, Pan, Hells, Abyss, Win
     0 | D:1      | 0 ||| PLANNING D:1-11
   142 | D:1      | 142 ||| FLEEEEING.
   143 | D:1      | 143 ||| FLEEEEING.
   154 | D:1      | 154 ||| FLEEEEING.
   169 | D:1      | Reached XP level 2. HP: 19/19 MP: 2/2
   272 | D:1      | 272 ||| Stepping ~*~*~tactically~*~*~ (stealth).
   532 | D:1      | Reached skill level 3 in Axes
   577 | D:1      | Reached XP level 3. HP: 23/23 MP: 3/3
   926 | D:1      | 926 ||| READING scroll labelled RURUANANUMP.
   927 | D:1      | 927 ||| READING scroll labelled PUCZON RURISI.
   928 | D:1      | 928 ||| READING scroll labelled ZAS OMUTWORYROA.
   960 | D:2      | Found Winnagec's Weapon Shop.
   980 | D:2      | 980 ||| BUYING +0 flail (49 gold).
   980 | D:2      | Bought a +0 flail for 49 gold pieces
  1052 | D:2      | Found a hazy altar of Hepliaklqana.
  1533 | D:2      | 1533 ||| DRINKING 2 smoky red potions.
  1534 | D:2      | 1534 ||| READING 3 scrolls of identify.
  1534 | D:2      | 1534 ||| IDENTIFYING grey potion
  1535 | D:2      | 1535 ||| READING 2 scrolls of identify.
  1535 | D:2      | 1535 ||| IDENTIFYING golden potion
  1536 | D:2      | 1536 ||| DROPPING potion of brilliance.
  1576 | D:3      | Mangled by an orc

Levels and vault maps discovered:
D:1:      dpeg_chamrin_arrival_tetris, layout_basic, minmay_misc_feat_alley
D:2:      layout_basic, basic_altar, serial_shops, nicolae_diamond_shop,
          amethyst_killhole
D:3:      layout_rooms, hellmonk_ghost_happy_afterlife, st_stairs_14

Skill      XL: |  1  2 |
---------------+-------+-----
Axes           | 2 3 |  3.6
Fighting       | |  3.2
Armour         | |  3.2
Shields        | |  3.2

Action                     || total
---------------------------++-------
  Melee: War axe           ||   131
    Use: Scroll            ||     5
         Potion            ||     1
 Armour: Scale mail        ||    53
  Dodge: Dodged            ||    55
  Block: Buckler           ||    21

Table legend:
 A = Non-vault XP
 B = Vault XP
 C = Vault XP percentage of total XP
 D = Non-vault monster count
 E = Vault monster count
 F = Vault count percentage of total count
                 A         B        C        D         E       F
            +---------+---------+-------+---------+---------+-------
      Total |      73 |       0 |   0.0 |      37 |       0 |   0.0
            +---------+---------+-------+---------+---------+-------
        D:1 |      44 |       0 |   0.0 |      26 |       0 |   0.0
        D:2 |      29 |       0 |   0.0 |      11 |       0 |   0.0
            +---------+---------+-------+---------+---------+-------
